 Dungeon Crawl Stone Soup version 0.21.1-1-g345015fe64 (webtiles) character file.

7581 Hercules1031 the Blocker (level 11, 0/87 HPs)
             Began as a Gnoll Fighter on June 10, 2018.
             Was a Believer of Makhleb.
             Slain by an ettin
             ... wielding a +7 great mace of crushing
              (21 damage)
             ... on level 1 of the Orcish Mines.
             The game lasted 00:49:33 (6354 turns).

Hercules1031 the Blocker (Gnoll Fighter)            Turns: 6354, Time: 00:49:33

Health: 0/87       AC: 26    Str: 21      XL:     11   Next: 17%
Magic:  19/19      EV:  8    Int:  9 (10) God:    Makhleb [**....]
Gold:   541        SH: 12    Dex: 16      Spells: 21/21 levels left

rFire    . . .     SeeInvis .   B - +2 war axe (venom)
rCold    . . .     Gourm    .   c - +0 shield
rNeg     . . .     Faith    .   Q - +4 plate armour
rPois    .         Spirit   .   D - +2 helmet
rElec    .         Reflect  .   m - +0 cloak
rCorr    .         Harm     .   (no gloves)
MR       .....                  A - +0 pair of boots
Stlth    +.........             (no amulet)
HPRegen  0.24/turn              i - ring of stealth
MPRegen  0.16/turn              v - ring of stealth

@: no status effects
A: distributed training, fangs 1, iridescent scales 1, deterioration 1, strong
nose
a: Minor Destruction, Renounce Religion


You were on level 1 of the Orcish Mines.
You worshipped Makhleb.
Makhleb was pleased with you.
You were not hungry.

You visited 3 branches of the dungeon, and saw 11 of its levels.

You collected 698 gold pieces.
You spent 157 gold pieces at shops.

Inventory:

Hand Weapons
 a - a +0 war axe
 f - a +2 trident of venom
 l - a +3 quarterstaff of chaos
 q - a +2 war axe of chopping
 w - a +4 flail of protection
 z - a cursed +0 morningstar
 B - a +2 war axe of venom (weapon)
 M - a +4 whip
 O - a +0 battleaxe
 P - a cursed -1 short sword
Missiles
 F - 8 poisoned javelins (quivered)
Armour
 b - a +0 scale mail
 c - a +0 shield (worn)
 m - a +0 cloak (worn)
 n - a +0 scale mail
 p - a +0 helmet
 r - a +0 scale mail
 x - a +0 chain mail
 A - a +0 pair of boots (worn)
 C - a cursed -2 chain mail
 D - a +2 helmet (worn)
 E - a +0 chain mail
 L - a +0 plate armour
 N - a +0 hat of magic resistance
 Q - a +4 plate armour (worn)
Jewellery
 i - a ring of stealth (left hand)
 v - a ring of stealth (right hand)
Wands
 k - a wand of iceblast (14)
 u - a wand of digging (16)
 y - a wand of scattershot (4)
Scrolls
 G - 2 scrolls of amnesia
 H - a scroll of magic mapping {unknown}
 I - 3 scrolls of remove curse
 K - 2 scrolls of teleportation
Potions
 d - a potion of might
 e - 2 potions of magic {unknown}
 g - a potion of resistance {unknown}
 h - 2 potions of lignification {unknown}
 j - 3 potions of mutation
 o - 3 potions of haste
 s - 3 potions of heal wounds
 t - 2 potions of flight {unknown}
 J - a potion of berserk rage {unknown}


   Skills:
 + Level 8.9 Fighting
 + Level 5.9 Short Blades
 + Level 5.9 Long Blades
 + Level 7.6 Axes
 + Level 5.9 Maces & Flails
 + Level 5.9 Polearms
 + Level 5.9 Staves
 + Level 5.9 Slings
 + Level 5.9 Bows
 + Level 5.9 Crossbows
 + Level 5.9 Throwing
 + Level 8.9 Armour
 + Level 5.9 Dodging
 + Level 5.9 Stealth
 + Level 8.9 Shields
 + Level 5.9 Unarmed Combat
 + Level 5.9 Spellcasting
 + Level 4.9 Conjurations
 + Level 4.9 Hexes
 + Level 4.9 Charms
 + Level 4.9 Summonings
 + Level 4.9 Necromancy
 + Level 4.9 Translocations
 + Level 4.9 Transmutations
 + Level 4.9 Fire Magic
 + Level 4.9 Ice Magic
 + Level 4.9 Air Magic
 + Level 4.9 Earth Magic
 + Level 4.9 Poison Magic
 + Level 6.5 Invocations
 + Level 5.9 Evocations


You had 21 spell levels left.
You didn't know any spells.

Dungeon Overview and Level Annotations

Branches:
Dungeon (10/15)              Lair (1/6) D:8             Orc (1/2) D:9
 Temple: D:4-7

Altars:
Ashenzari
Cheibriados
Elyvilon
Fedhas
Gozag
Kikubaaqudgha
Makhleb
Nemelex Xobeh
Okawaru
Qazlal
Ru
Vehumet
The Shining One

Shops:
D:4 ?:*   D:9 [


Innate Abilities, Weirdness & Mutations

Your experience applies equally to all skills.
You have very sharp teeth.
Your uncanny sense of smell can sniff out nearby items.
You are partially covered in iridescent scales. (AC +2)
Your body sometimes deteriorates upon taking damage.


Message History

You continue taking off your +0 hat of magic resistance. x4
You finish taking off your +0 hat of magic resistance.
You feel less resistant to hostile enchantments.
You start putting on your armour.
You continue putting on your +2 helmet. x5
You finish putting on your +2 helmet.
Found 14 gold pieces.
An ettin comes into view.
It is wielding a great mace of crushing and a dire flail.
The ettin hits you but does no damage. You block the ettin's attack.
Found 26 gold pieces.
You see here 14 gold pieces.
You hit the ettin but do no damage.
The ettin is poisoned.
The ettin hits you with a great mace of crushing!!
The ettin hits you with a dire flail!
Your body deteriorates!
You feel dopey.
You slash the ettin!
The ettin looks as sick as possible!
The ettin is lightly wounded.
The ettin hits you with a great mace of crushing!
* * * LOW HITPOINT WARNING * * *
The ettin hits you with a dire flail!!
You die...

###.......#... .........
#............ #.#..
...####......)....
#....##.#.##.##.......).
$............ ###.....))
..........##.#####..#.))
...........##.#.#...#...
...........#........##..
#C@....#.#....###..
###.#.#...##.## ...
######.##### ...# ###
....# ....


You could see an ettin.

Vanquished Creatures
  Gastronok (Orc:1)
  A two-headed ogre (D:8)
  A centaur skeleton (D:10)
  The ghost of buffbean the Shield-Bearer, a novice HuFi (D:4)
  2 hungry ghosts
  A wyvern (D:9)
  8 yaks
  Edmund (D:4)
  A water moccasin (D:10)
  3 porcupines
  8 orc warriors
  A sky beast (D:10)
  2 black bears (D:8)
  2 phantoms
  A necrophage (D:9)
  2 ogres
  2 centaurs
  A big kobold (D:10)
  2 bullfrogs
  An electric eel (D:10)
  A howler monkey (D:10)
  3 crimson imps
  A centaur zombie (D:9)
  3 jellies
  3 orc priests
  Crazy Yiuf (D:3)
  3 hounds
  An orc wizard (Orc:1)
  6 iguanas
  3 worker ants
  Natasha (thrice) (D:3)
  2 hound skeletons
  6 gnolls
  5 adders
  A shadow imp (D:6)
  An adder zombie (D:6)
  3 leopard geckos
  20 orcs
  3 bats (D:1)
  4 giant cockroaches
  3 goblins
  5 hobgoblins
  7 jackals
  6 kobolds
  3 frilled lizards
  A leopard gecko skeleton (D:4)
  A quokka zombie (D:9)
  2 rats
  2 fungi
145 creatures vanquished.

Vanquished Creatures (others)
  A plant (D:5)
1 creature vanquished.

Grand Total: 146 creatures vanquished

Notes
Turn   | Place    | Note
-------+----------+-------------------------------------------
     0 | D:1      | Hercules1031 the Gnoll Fighter began the quest for the Orb.
     0 | D:1      | Reached XP level 1. HP: 23/23 MP: 1/1
   234 | D:1      | Reached XP level 2. HP: 29/29 MP: 2/2
   982 | D:2      | Reached XP level 3. HP: 35/35 MP: 3/3
  1018 | D:2      | Found a snail-covered altar of Cheibriados.
  1018 | D:2      | Found a radiant altar of Vehumet.
  1426 | D:3      | Found a runed door.
  1430 | D:3      | Noticed Crazy Yiuf
  1438 | D:3      | Killed Crazy Yiuf
  1438 | D:3      | Reached skill level 1 in Short Blades
  1438 | D:3      | Reached skill level 1 in Long Blades
  1438 | D:3      | Reached skill level 1 in Maces & Flails
  1438 | D:3      | Reached skill level 1 in Polearms
  1438 | D:3      | Reached skill level 1 in Staves
  1438 | D:3      | Reached skill level 1 in Slings
  1438 | D:3      | Reached skill level 1 in Bows
  1438 | D:3      | Reached skill level 1 in Crossbows
  1438 | D:3      | Reached skill level 1 in Throwing
  1438 | D:3      | Reached skill level 1 in Dodging
  1438 | D:3      | Reached skill level 1 in Stealth
  1438 | D:3      | Reached skill level 1 in Unarmed Combat
  1438 | D:3      | Reached skill level 1 in Spellcasting
  1438 | D:3      | Reached skill level 1 in Invocations
  1438 | D:3      | Reached skill level 1 in Evocations
  1438 | D:3      | Reached XP level 4. HP: 41/41 MP: 5/5
  1498 | D:3      | Found a glowing golden altar of the Shining One.
  1847 | D:3      | Found a shattered altar of Ashenzari.
  1853 | D:3      | Noticed Natasha
  1857 | D:3      | Killed Natasha
  1857 | D:3      | Reached skill level 1 in Conjurations
  1857 | D:3      | Reached skill level 1 in Hexes
  1857 | D:3      | Reached skill level 1 in Charms
  1857 | D:3      | Reached skill level 1 in Summonings
  1857 | D:3      | Reached skill level 1 in Necromancy
  1857 | D:3      | Reached skill level 1 in Translocations
  1857 | D:3      | Reached skill level 1 in Transmutations
  1857 | D:3      | Reached skill level 1 in Fire Magic
  1857 | D:3      | Reached skill level 1 in Ice Magic
  1857 | D:3      | Reached skill level 1 in Air Magic
  1857 | D:3      | Reached skill level 1 in Earth Magic
  1857 | D:3      | Reached skill level 1 in Poison Magic
  1920 | D:3      | Found a sacrificial altar of Ru.
  1944 | D:3      | Noticed Natasha
  1949 | D:3      | Killed Natasha
  1949 | D:3      | Reached XP level 5. HP: 47/47 MP: 6/6
  1949 | D:3      | Noticed Natasha
  1960 | D:3      | Killed Natasha
  2185 | D:4      | Found Bigiumeprod's Magic Scroll Emporium.
  2220 | D:4      | Found Irir's Book Boutique.
  2240 | D:4      | Found a burning altar of Makhleb.
  2278 | D:4      | Found Meuluqiu's Assorted Antiques.
  2293 | D:4      | Bought a scroll of remove curse for 81 gold pieces
  2293 | D:4      | Bought a scroll labeled VUXAAHI HACAI for 27 gold pieces
  2318 | D:4      | Noticed buffbean's ghost (novice HuFi)
  2340 | D:4      | Killed buffbean's ghost
  2340 | D:4      | Reached skill level 5 in Axes
  2340 | D:4      | Reached XP level 6. HP: 20/53 MP: 7/9
  2340 | D:4      | Reached XP level 7. HP: 22/59 MP: 7/10
  2515 | D:4      | Found an iron altar of Okawaru.
  2516 | D:4      | Found a blossoming altar of Fedhas.
  2517 | D:4      | Found a burning altar of Makhleb.
  2517 | D:4      | Found a white marble altar of Elyvilon.
  2562 | D:4      | Noticed Edmund
  2581 | D:4      | Killed Edmund
  2636 | D:5      | Entered Level 5 of the Dungeon
  2642 | D:5      | Found a stormy altar of Qazlal.
  2675 | D:4      | Became a worshipper of Makhleb the Destroyer
  2890 | D:4      | Found a sparkling altar of Nemelex Xobeh.
  2890 | D:4      | Found an opulent altar of Gozag.
  3377 | D:5      | Found an ancient bone altar of Kikubaaqudgha.
  3758 | D:6      | Reached XP level 8. HP: 65/67 MP: 12/12
  4172 | D:6      | You fall through a shaft for 2 floors!
  4228 | D:8      | Found a staircase to the Lair.
  4412 | Lair:1   | Entered Level 1 of the Lair of Beasts
  4497 | Lair:1   | Noticed a six-headed hydra
  4520 | Lair:1   | Reached XP level 9. HP: 22/72 MP: 14/14
  4834 | D:8      | Noticed a two-headed ogre
  4848 | D:8      | Killed a two-headed ogre
  4848 | D:8      | Reached * piety under Makhleb
  4987 | D:9      | Reached skill level 5 in Invocations
  5076 | D:9      | Found a staircase to the Orcish Mines.
  5089 | D:9      | Found Laypt's Armour Shop.
  5109 | D:9      | Reached XP level 10. HP: 50/80 MP: 17/17
  5145 | D:9      | Bought a +0 pair of boots for 49 gold pieces
  5400 | D:9      | You fall through a shaft!
  5400 | D:10     | Entered Level 10 of the Dungeon
  5428 | D:10     | Reached skill level 5 in Short Blades
  5428 | D:10     | Reached skill level 5 in Long Blades
  5428 | D:10     | Reached skill level 5 in Maces & Flails
  5428 | D:10     | Reached skill level 5 in Polearms
  5428 | D:10     | Reached skill level 5 in Staves
  5428 | D:10     | Reached skill level 5 in Slings
  5428 | D:10     | Reached skill level 5 in Bows
  5428 | D:10     | Reached skill level 5 in Crossbows
  5428 | D:10     | Reached skill level 5 in Throwing
  5428 | D:10     | Reached skill level 5 in Dodging
  5428 | D:10     | Reached skill level 5 in Stealth
  5428 | D:10     | Reached skill level 5 in Unarmed Combat
  5428 | D:10     | Reached skill level 5 in Spellcasting
  5428 | D:10     | Reached skill level 5 in Evocations
  5719 | D:10     | Reached ** piety under Makhleb
  5907 | Orc:1    | Entered Level 1 of the Orcish Mines
  5981 | Orc:1    | Noticed Gastronok
  5991 | Orc:1    | Gained mutation: Your body sometimes deteriorates upon taking damage. [potion of mutation]
  5991 | Orc:1    | Gained mutation: You are partially covered in iridescent scales. (AC +2) [potion of mutation]
  6004 | Orc:1    | Killed Gastronok
  6004 | Orc:1    | Reached XP level 11. HP: 47/87 MP: 19/19
  6349 | Orc:1    | Noticed an ettin
  6354 | Orc:1    | Slain by an ettin

Skill      XL: |  1  2  3  4  5  6  7  8  9 10 |
---------------+-------------------------------+-----
Short Blades   | 1 2 3 4 5 |  5.9
Long Blades    | 1 2 3 4 5 |  5.9
Maces & Flails | 1 2 3 4 5 |  5.9
Polearms       | 1 2 3 4 5 |  5.9
Staves         | 1 2 3 4 5 |  5.9
Slings         | 1 2 3 4 5 |  5.9
Bows           | 1 2 3 4 5 |  5.9
Crossbows      | 1 2 3 4 5 |  5.9
Throwing       | 1 2 3 4 5 |  5.9
Dodging        | 1 2 3 4 5 |  5.9
Stealth        | 1 2 3 4 5 |  5.9
Unarmed Combat | 1 2 3 4 5 |  5.9
Spellcasting   | 1 2 3 4 5 |  5.9
Invocations    | 1 2 3 4 5 6 |  6.5
Evocations     | 1 2 3 4 5 |  5.9
Conjurations   | 1 2 3 4 |  4.9
Hexes          | 1 2 3 4 |  4.9
Charms         | 1 2 3 4 |  4.9
Summonings     | 1 2 3 4 |  4.9
Necromancy     | 1 2 3 4 |  4.9
Translocations | 1 2 3 4 |  4.9
Transmutations | 1 2 3 4 |  4.9
Fire Magic     | 1 2 3 4 |  4.9
Ice Magic      | 1 2 3 4 |  4.9
Air Magic      | 1 2 3 4 |  4.9
Earth Magic    | 1 2 3 4 |  4.9
Poison Magic   | 1 2 3 4 |  4.9
Axes           | 5 6 7 |  7.6
Fighting       | 7 8 |  8.9
Armour         | 7 8 |  8.9
Shields        | 7 8 |  8.9

Action                   |  1- 3 |  4- 6 |  7- 9 | 10-12 || total
-------------------------+-------+-------+-------+-------++-------
Melee: War axe           |    72 |    23 |   231 |   168 ||   494
       Bite              |     8 |    11 |    36 |    24 ||    79
       Quarterstaff      |       |    46 |       |       ||    46
Throw: Javelin           |       |       |       |     4 ||     4
  Use: Scroll            |     6 |     6 |     8 |     2 ||    22
       Potion            |       |     1 |     2 |     6 ||     9
  Eat: Ration            |     1 |       |     7 |     2 ||    10
Armor: Scale mail        |    49 |    30 |     8 |       ||    87
       Chain mail        |       |       |    33 |       ||    33
       Plate armour      |       |       |    85 |    71 ||   156
Dodge: Dodged            |    33 |    46 |    75 |    38 ||   192
Block: Shield            |    57 |       |   141 |   105 ||   303
